 Dungeon Crawl Stone Soup version 0.22-a0-872-g6a232dd (webtiles) character file.

266 prawnwizard the Ducker (level 6, -7/30 HPs)
             Began as a Spriggan Gladiator on July 28, 2018.
             Mangled by a phantom (10 damage)
             ... on level 4 of the Dungeon.
             The game lasted 00:05:47 (4988 turns).

prawnwizard the Ducker (Spriggan Gladiator)         Turns: 4988, Time: 00:05:48

Health: -7/30      AC:  2    Str: 12    XL:     6   Next: 0%
Magic:  7/7        EV: 22    Int:  9    God:
Gold:   186        SH:  0    Dex: 18    Spells: 5/5 levels left

rFire    . . .     SeeInvis +   n - +0 quarterstaff
rCold    + . .     Gourm    .   (shield currently unavailable)
rNeg     . . .     Faith    .   b - +0 robe
rPois    .         Spirit   .   c - +0 hat
rElec    .         Reflect  .   (no cloak)
rCorr    .         Harm     .   (gloves unavailable)
MR       +....                  (boots unavailable)
Stlth    +++.......             (no amulet)
HPRegen  0.10/turn              j - ring of protection from cold
MPRegen  0.10/turn              m - ring of stealth

@: very quick
A: very small, unfitting armour, see invisible, herbivore, speed 3, slow
metabolism 2
a: no special abilities


You were on level 4 of the Dungeon.
You were not hungry.

You visited 1 branch of the dungeon, and saw 4 of its levels.

You collected 186 gold pieces.

Inventory:

Hand Weapons
 n - a +0 quarterstaff (weapon)
Missiles
 d - 3 throwing nets (quivered)
Armour
 b - a +0 robe (worn)
 c - a +0 hat (worn)
Jewellery
 j - a ring of protection from cold (left hand)
 m - a ring of stealth (right hand)
Wands
 k - a wand of flame (41)
 r - a wand of random effects (16)
Scrolls
 a - 2 scrolls of teleportation {unknown}
 e - 2 scrolls of remove curse
 g - a scroll of magic mapping {unknown}
 h - 4 scrolls of identify {unknown}
 i - 2 scrolls of enchant armour {unknown}
 l - 2 scrolls of fear {unknown}
 q - a scroll of amnesia {unknown}
Potions
 o - 2 potions of haste {unknown}
 p - 2 potions of curing {unknown}
 s - a potion of might {unknown}
 t - a potion of flight {unknown}
Comestibles
 f - 9 rations


   Skills:
 - Level 1.7 Fighting
 * Level 3.8 Staves
 + Level 3.5 Throwing
 + Level 6.1 Dodging


You had 5 spell levels left.
You didn't know any spells.
Your spell library was empty.

Dungeon Overview and Level Annotations

Branches:
Dungeon (4/15)
 Temple: D:4-7

Altars:
Elyvilon
Hepliaklqana
Qazlal
Zin


Innate Abilities, Weirdness & Mutations

You are very small and have problems with some larger weapons.
You are too small for most types of armour.
You have supernaturally acute eyesight. (SInv)
You are a herbivore.
You cover ground extremely quickly.
You need to consume almost no food.


Message History

The phantom is moderately damaged.
The phantom hits you!
You are too injured to fight recklessly!
You are too injured to fight recklessly!
You are too injured to fight recklessly!
You are too injured to fight recklessly!
You hit the phantom.
The phantom is heavily damaged.
The phantom barely misses you.
You hit the phantom but do no damage.
The phantom is heavily damaged.
The phantom hits you!
* * * LOW HITPOINT WARNING * * *
You closely miss the phantom.
The phantom is heavily damaged.
The phantom misses you.
You closely miss the phantom.
The phantom is heavily damaged.
The phantom hits you!
You die...

#......#.....#
#......#...###
########...#
## #...##.#
#...#.#
######....#
###........##
....?...W.##
###......@.##
######....#
#.?.#.#
#...##.# #?..#
## #>..# ...##
...# #...#


You could see a phantom.

Vanquished Creatures
  A scorpion (D:4)
  Jessica (D:3)
  2 worker ants (D:4)
  4 gnolls
  4 adders
  3 worms
  2 dart slugs
  3 leopard geckos
  3 bats
  3 giant cockroaches
  5 goblins
  9 hobgoblins
  5 jackals
  A quokka (D:3)
  4 frilled lizards
  A kobold (D:3)
  6 rats
57 creatures vanquished.

Vanquished Creatures (others)
  A giant cockroach (D:2)
  A goblin (D:2)
2 creatures vanquished.

Grand Total: 59 creatures vanquished

Notes
Turn   | Place    | Note
-------+----------+-------------------------------------------
     0 | D:1      | prawnwizard the Spriggan Gladiator began the quest for the Orb.
     0 | D:1      | Reached XP level 1. HP: 10/10 MP: 2/2
   757 | D:2      | Reached XP level 2. HP: 12/15 MP: 3/3
   902 | D:2      | Found a hazy altar of Hepliaklqana.
  1209 | D:2      | Reached XP level 3. HP: 14/18 MP: 4/4
  1522 | D:2      | Found a white marble altar of Elyvilon.
  2195 | D:3      | Reached skill level 5 in Dodging
  2535 | D:3      | Reached XP level 4. HP: 23/23 MP: 5/5
  2745 | D:3      | Noticed Jessica
  2750 | D:3      | Killed Jessica
  3781 | D:3      | Reached XP level 5. HP: 22/26 MP: 6/6
  3988 | D:3      | Found a glowing silver altar of Zin.
  4165 | D:4      | Found a stormy altar of Qazlal.
  4490 | D:4      | Reached skill level 6 in Dodging
  4951 | D:4      | Reached XP level 6. HP: 30/30 MP: 7/7
  4988 | D:4      | Mangled by a phantom

Vault maps used:
D:1:      dpeg_arrival_arbitrary_c
D:2:      elyvilon_altar_4, old_standard_altar
D:3:      lemuel_doored_altar, serial_glass, glass_columns_a, glass_columns_c,
          item_on_display_a, due_unseen_surprise, first_ration,
          kennysheep_jessica_study
D:4:      old_standard_altar, overflow_temple_1_default, minmay_fountain_box,
          nicolae_zen_rock_garden, lexackson_kobold_supper

Skill      XL: |  1  2  3  4  5 |
---------------+----------------+-----
Dodging        | 5 6 |  6.1
Staves         | 3 |  3.8
Throwing       | 3 |  3.5
Fighting       | |  1.7

Action                   |  1- 3 |  4- 6 || total
-------------------------+-------+-------++-------
Melee: Quarterstaff      |   119 |   117 ||   236
  Use: Potion            |     2 |       ||     2
       Scroll            |     1 |       ||     1
 Stab: Sleeping          |     3 |     5 ||     8
  Eat: Ration            |       |     1 ||     1
Armor: Robe              |     5 |     5 ||    10
Dodge: Dodged            |   122 |    96 ||   218

Table legend:
 A = Spawn XP
 B = Non-spawn XP
 C = Spawn XP percentage of total XP
 D = Spawn monster count
 E = Non-spawn monster count
 F = Spawn count percentage of total count
 G = Total turns spent on level
                    A         B        C        D         E        F      G
               +---------+---------+-------+---------+---------+-------+---------
         Total |       0 |     380 |   0.0 |       0 |      57 |   0.0 |  4988
               +---------+---------+-------+---------+---------+-------+---------
           D:1 |       0 |      11 |   0.0 |       0 |       5 |   0.0 |   744
           D:2 |       0 |      91 |   0.0 |       0 |      22 |   0.0 |  2110
           D:3 |       0 |     121 |   0.0 |       0 |      24 |   0.0 |  1609
           D:4 |       0 |     157 |   0.0 |       0 |       6 |   0.0 |   525
               +---------+---------+-------+---------+---------+-------+---------
